 Dungeon Crawl Stone Soup version 0.29.1-13-g9f3cf754e1 (webtiles) character file.

Game seed: 4331219774448204054

195 MisterFreud the Twirler (level 6, -2/44 HPs)
             Began as a Formicid Gladiator on Jan 28, 2023.
             Killed from afar by Blork the orc (4 damage)
             ... with a puff of flame
             ... on level 4 of the Dungeon on Jan 29, 2023.
             The game lasted 00:03:28 (3531 turns).

MisterFreud the Twirler (Formicid Gladiator)        Turns: 3531, Time: 00:03:29

Health: -2/44      AC: 12    Str: 17 (20) XL:     6   Next: 4%
Magic:  6/6        EV: 11    Int:  7 (8)  God:
Gold:   122        SH:  0    Dex: 12 (13) Spells: 5/5 levels left

rFire   . . .      SeeInvis +   a - +1 quarterstaff
rCold   . . .      Faith    .   (no shield)
rNeg    . . .      Spirit   .   p - +5 ring mail of the Buccaneer {Harm Dex-2 SInv}
rPois   .          Reflect  .   (helmet unavailable)
rElec   .          Harm     +   (no cloak)
rCorr   .          Rampage  .   o - +1 pair of gloves
Will    .....                   (no boots)
Stlth   +.........              (no amulet)
HPRegen 0.14/turn               (no ring)
MPRegen 0.10/turn               (no ring)

@: attractive
A: permanent stasis, dig shafts and tunnels, antennae 3, four strong arms
a: Dig, Shaft Self


You were on level 4 of the Dungeon.
You visited 1 branch of the dungeon, and saw 4 of its levels.

You collected 122 gold pieces.

Inventory:

Hand Weapons
 a - a +1 quarterstaff (weapon)
Missiles
 c - 3 throwing nets (quivered)
 d - 6 javelins
Armour
 b - a +0 leather armour
 n - a +0 chain mail
 o - a +1 pair of gloves (worn)
 p - the +5 ring mail of the Buccaneer (worn) {Harm Dex-2 SInv}
   (You found it on level 3 of the Dungeon)

   Dex:       It affects your dexterity (-2).
   SInv:      It lets you see invisible.
   Harm:      It increases damage dealt and taken.
Jewellery
 f - an amulet of magic regeneration
Wands
 g - a wand of digging (6)
Scrolls
 q - a scroll of magic mapping {unknown}
 r - a scroll of enchant weapon
Potions
 e - a potion of brilliance
 h - 4 potions of flight
 k - 2 potions of invisibility


   Skills:
 - Level 2.1 Fighting
 * Level 5.7 Staves
 - Level 2.0 Throwing
 + Level 2.3 Armour
 - Level 2.6 Dodging


You had 5 spell levels left.
You didn't know any spells.
Your spell library contained the following spells:

 Spells                   Type           Power      Damage    Failure   Level
 Shock                    Conj/Air       0%         1d3       63%         1
 Summon Small Mammal      Summ           0%         N/A       63%         1
 Call Canine Familiar     Summ           0%         N/A       94%         3
 Summon Guardian Golem    Hex/Summ       0%         N/A       94%         3
 Airstrike                Air            0%         2d(0-16)  100%        4
 Iskenderun's Battlesphe  Conj           0%         2d6       100%        5
 Iron Shot                Conj/Erth      0%         9d1       100%        6
 Spellforged Servitor     Conj/Summ      0%         N/A       100%        7
 Swiftness                Air            Unusable   N/A       N/A         3

Dungeon Overview and Level Annotations

Branches:
Dungeon (4/15)
 Temple: D:4-7

Altars:
Gozag
Makhleb
Wu Jian
Zin

Annotations:
D:4 Blork the orc, Eustachio


Innate Abilities, Weirdness & Mutations

You cannot be hasted, slowed, berserked, paralysed or teleported.
You can dig through walls and to a lower floor.
You have a pair of large antennae on your head. (SInv)
Your four strong arms can wield two-handed weapons with a shield.


Message History

The puff of flame hits you. Blork the orc hits you with a +0 flail.
You sock Blork the orc!
Blork the orc is severely wounded.
Blork the orc closely misses you.
Eustachio screams, "Hey, you killed my favourite bat!"
You hit Blork the orc but do no damage.
Blork the orc is severely wounded.
Blork the orc begins to cast a cantrip, but forgets the words!
Eustachio gestures wildly while chanting.
Blork the orc hits you but does no damage.
You barely miss Blork the orc.
Blork the orc is severely wounded.
The river rat disappears in a puff of smoke!
Blork the orc gestures at you while chanting.
The puff of frost misses you.
You closely miss Blork the orc.
Blork the orc is severely wounded.
Blork the orc gestures at you while chanting.
The magic dart hits you!
* * * LOW HITPOINT WARNING * * *
Blork the orc barely misses you.
You hit Blork the orc but do no damage.
Blork the orc is severely wounded.
Blork the orc hits you with a +0 flail!
* * * LOW HITPOINT WARNING * * *
You hit Blork the orc.
Blork the orc is almost dead.
Blork the orc barely misses you.
Blork the orc miscasts a cantrip.
You hit Blork the orc but do no damage.
Blork the orc is almost dead.
Blork the orc barely misses you.
You barely miss Blork the orc.
Blork the orc is almost dead.
Blork the orc hits you with a +0 flail.
* * * LOW HITPOINT WARNING * * *
Eustachio casts a spell.
Blork the orc points at you and mumbles some strange words.
The puff of flame hits you.
You die... ...... ........### .....## ........# $..... #######.# ....# #.# ..r# #.# bb#

#[# #@# #.# #o# #.# #@#
#.# #########.# #.#
#.........# #.#
#.####################.#
#.# #........(...##.#
#.# #.##########.##.#
#.# #.##.........##.#
#.# #.##.##########.#
#.# #.##.# #.#


You could see Eustachio, Blork the orc (fast), a quokka (summoned) and 2 bats.

Vanquished Creatures
  An ogre (D:4)
  A gnoll (D:1)
  4 adders
  A worm (D:2)
  3 dart slugs (D:3)
  7 endoplasms
  3 giant cockroaches
  3 goblins
  5 hobgoblins
  5 jackals
  2 quokkas
  6 ball pythons
  5 bats
  A frilled lizard (D:3)
  9 kobolds
  5 rats
61 creatures vanquished.

Notes
Turn   | Place    | Note
-------+----------+-------------------------------------------
     0 | D:1      | MisterFreud the Formicid Gladiator began the quest for the
                  | Orb.
     0 | D:1      | Reached XP level 1. HP: 16/16 MP: 1/1
   159 | D:1      | Reached XP level 2. HP: 17/22 MP: 2/2
   590 | D:1      | Reached skill level 4 in Staves
   590 | D:1      | Reached XP level 3. HP: 26/27 MP: 3/3
  1163 | D:2      | Found an ornate altar of the Wu Jian Council.
  1850 | D:2      | Reached XP level 4. HP: 28/33 MP: 4/4
  1936 | D:2      | Found a faded altar of an unknown god.
  2163 | D:3      | Reached skill level 1 in Armour
  2409 | D:3      | Reached skill level 5 in Staves
  2466 | D:3      | Reached XP level 5. HP: 37/38 MP: 5/5
  2469 | D:3      | Identified the +5 ring mail of the Buccaneer {Harm Dex-2
                  | SInv}
  2990 | D:4      | Found a glowing silver altar of Zin.
  3128 | D:4      | Found a burning altar of Makhleb.
  3181 | D:4      | Found an opulent altar of Gozag.
  3275 | D:4      | Noticed an ogre
  3280 | D:4      | Killed an ogre
  3492 | D:4      | Noticed Eustachio
  3494 | D:4      | Reached XP level 6. HP: 44/44 MP: 6/6
  3496 | D:4      | Noticed Blork the orc
  3528 | D:4      | HP: 2/44 [Blork the orc/+0 flail (10)]
  3531 | D:4      | Killed from afar by Blork the orc

Illustrated notes

Levels and vault maps discovered:
D:1:      lightli_arrival_quake, layout_loops_ring
D:2:      layout_rooms, ebering_ecumenical_altar_hall, basic_altar,
          chequers_serial_rivers_small_3, minmay_misc_feat_roman
D:3:      layout_loops_ring
D:4:      layout_basic, nicolae_overflow_hidden_temple, lightli_temple_of_fire,
          grunt_gozag_statues, minmay_temple_entry_junction_2, minivault_25,
          uniq_grinder, uniq_blork_the_orc, uniq_eustachio

Skill      XL: |  1  2  3  4  5 |
---------------+----------------+-----
Staves         | 4 5 |  5.7
Armour         | 1 2 |  2.3
Fighting       | |  2.1
Throwing       | |  2.0
Dodging        | |  2.6

Action                   |  1- 3 |  4- 6 || total
-------------------------+-------+-------++-------
Melee: Quarterstaff      |    86 |   107 ||   193
       Punch             |     1 |     1 ||     2
  Use: Scroll            |     3 |     8 ||    11
       Potion            |       |     4 ||     4
 Stab: Sleeping          |     4 |       ||     4
Armor: Leather armour    |    23 |       ||    23
       Chain mail        |    19 |    32 ||    51
       Ring mail         |       |    24 ||    24
Dodge: Dodged            |    58 |    55 ||   113
